 Dungeon Crawl Stone Soup version 0.21-a0-225-g207ae17 (webtiles) character file.

38 Moloch the Skirmisher (level 3, 0/29 HPs)
             Began as a Mummy Fighter on Aug 29, 2017.
             Killed by divine providence
             ... invoked by an orc priest
              (17 damage)
             ... on level 3 of the Dungeon.
             The game lasted 00:01:18 (770 turns).

Moloch the Skirmisher (Mummy Fighter)                Turns: 770, Time: 00:01:19

Health: 0/29       AC:  6    Str: 19    XL:     3   Next: 25%
Magic:  3/3        EV:  7    Int:  7    God:
Gold:   49         SH:  8    Dex: 12    Spells: 2/2 levels left

rFire    x . .     SeeInvis .   a - +0 trident
rCold    + . .     Gourm    .   c - +0 shield
rNeg     + + +     Faith    .   b - +0 scale mail
rPois    ∞         Spirit   .   (no helmet)
rElec    .         Reflect  .   (no cloak)
rCorr    .         Harm     .   (no gloves)
MR       .....                  (no boots)
Stlth    ..........             (no amulet)
HPRegen  0.09/turn              (no ring)
MPRegen  0.08/turn              (no ring)

@: no status effects
A: no food or potions, fire vulnerability, cold resistance 1, negative energy
resistance 3, torment resistance, unbreathing
a: no special abilities


You were on level 3 of the Dungeon.
You were not hungry.

You visited 1 branch of the dungeon, and saw 3 of its levels.

You collected 49 gold pieces.

Inventory:

Hand Weapons
 a - a +0 trident (weapon)
Armour
 b - a +0 scale mail (worn)
 c - a +0 shield (worn)
Scrolls
 d - a scroll of enchant weapon {unknown}


   Skills:
 + Level 3.6 Fighting
 * Level 2.5 Polearms
 - Level 2.4 Armour
 - Level 2.4 Shields


You had 2 spell levels left.
You didn't know any spells.

Dungeon Overview and Level Annotations

Branches:
Dungeon (3/15)

Altars:
Dithmenos

Annotations:
D:2 Sigmund


Innate Abilities, Weirdness & Mutations

You do not eat or drink.
Your flesh is vulnerable to fire.
You are immune to poison.
Your flesh is cold resistant. (rC+)
You are immune to negative energy. (rN+++)
You are immune to unholy pain and torment.
You can survive without breathing.


Message History

Found a royal jelly.
The orc curses to no one in particular.
The jackal bites you.
An orc priest comes into view.
Found a robe. 2 orcs and an orc wizard come into view.
The orc shouts! x2; The orc wizard shouts!
The orc wizard gestures wildly while chanting.
The orc wizard flickers and vanishes!
Found a stone staircase leading down.
An adder comes into view.
Unknown command.
An adder comes into view.
The adder hisses angrily. x2
The orc barely misses you.
The adder moves out of view.
Found a falchion.
The orc priest mumbles some strange prayers to Beogh against you.
Beogh smites you!
Ouch! That really hurt!
You die...

.........)...
#........>....
.............
.........[..
........... #..........
#... ...####..........
##..%........@ooo....#.
#......########h.......
#?....[#######..#.S....
#......##..Khh..# ##...
#......##g#oo####. ..
#..........o.......
#......#w.o......##
#.........##...###
#...o(.#..##.###


You could see an orc priest, an adder, 2 orcs and a jackal.

Vanquished Creatures
  An adder (D:2)
  2 dart slugs (D:1)
  A leopard gecko (D:1)
  A giant cockroach (D:1)
  3 goblins (D:1)
  5 hobgoblins (D:1)
  3 bats
  2 frilled lizards (D:1)
  3 kobolds (D:1)
  2 rats
23 creatures vanquished.

Notes
Turn   | Place    | Note
-------+----------+-------------------------------------------
     0 | D:1      | Moloch the Mummy Fighter began the quest for the Orb.
     0 | D:1      | Reached XP level 1. HP: 18/18 MP: 1/1
   136 | D:1      | Reached XP level 2. HP: 23/24 MP: 2/2
   686 | D:2      | Reached XP level 3. HP: 20/29 MP: 3/3
   697 | D:2      | Found a shadowy altar of Dithmenos.
   738 | D:2      | Noticed Sigmund
   770 | D:3      | Killed from afar by an orc priest

Vault maps used:
D:1:      dpeg_arrival_tiny_f
D:2:      grunt_dithmenos_smoke, first_bread, nicolae_underground_beach,
          uniq_sigmund
D:3:      kennysheep_generic_room_16, uniq_jessica

Skill      XL: |  1  2 |
---------------+-------+-----
Polearms       | 2 |  2.5
Fighting       | |  3.6
Armour         | |  2.4
Shields        | |  2.4

Action                   || total
-------------------------++-------
Melee: Trident           ||    73
Armor: Scale mail        ||    34
Dodge: Dodged            ||    25
Block: Shield            ||    37

Table legend:
 A = Spawn XP
 B = Non-spawn XP
 C = Spawn XP percentage of total XP
 D = Spawn monster count
 E = Non-spawn monster count
 F = Spawn count percentage of total count
 G = Total turns spent on level
                    A         B        C        D         E        F      G
               +---------+---------+-------+---------+---------+-------+---------
         Total |       2 |      53 |   3.6 |       1 |      22 |   4.3 |   770
               +---------+---------+-------+---------+---------+-------+---------
           D:1 |       2 |      36 |   5.3 |       1 |      19 |   5.0 |   676
           D:2 |       0 |      17 |   0.0 |       0 |       3 |   0.0 |    76
               +---------+---------+-------+---------+---------+-------+---------
